 Dungeon Crawl Stone Soup version 0.27-a0-890-ged2907cb04 (webtiles) character file.

Game seed: 4367583905623978693

22 Kakkamies the Magician (level 2, 21/21 HPs)
             Began as a Djinni Fire Elementalist on Apr 5, 2021.
             Was a Plaything of Xom.
             Got out of the dungeon alive.
             The game lasted 00:02:08 (976 turns).

Kakkamies the Magician (Djinni Fire Elementalist)    Turns: 976, Time: 00:02:09

Health: 21/21      AC:  2    Str:  7    XL:     2   Next: 91%
Gold:   34         EV: 12    Int: 16    God:    Xom [.*....] SH:  0 Dex: 13

rFire    + + .     SeeInvis .   (no weapon)
rCold    x . .     Faith    .   (no shield)
rNeg     . . .     Spirit   .   a - +0 robe
rPois    ∞         Reflect  .   (no helmet)
rElec    .         Harm     .   (no cloak)
rCorr    .         Rampage  .   (no gloves)
Will     .....                  (boots unavailable)
Stlth    ++........             (no amulet)
HPRegen  0.07/turn              (no ring)
MPRegen  0.00/turn              (no ring)

@: flying
A: fire resistance 2, cold vulnerability 1, float, innate caster, hp casting,
extra vitality 1
a: Renounce Religion


You escaped.
You worshipped Xom.
You were a plaything of Xom.
You visited 1 branch of the dungeon, and saw 1 of its levels.

You collected 34 gold pieces.

Inventory:

Armour
 a - a +0 robe (worn)
Scrolls
 c - a scroll of identify {unknown}
Potions
 b - a potion of flight {unknown}
 d - a potion of mutation {unknown}
 e - a potion of brilliance {unknown}


   Skills:
 + Level 2.3 Dodging
 + Level 1.6 Stealth
 * Level 3.4 Spellcasting


You couldn't memorise any spells.
You knew the following spells:

 Your Spells              Type           Power      Damage    Failure   Level
a - Foxfire               Conj/Fire      52%        2x1d6     4%          1
b - Conjure Flame         Conj/Fire      13%        6-21      13%         3
c - Inner Flame           Hex/Fire       13%        N/A       13%         3
d - Sticky Flame          Conj/Fire      13%        2d4       41%         4
e - Fireball              Conj/Fire      6%         3d5       77%         5
Your spell library was empty.

Dungeon Overview and Level Annotations

Branches:
Dungeon (1/15)

Altars:
Xom


Innate Abilities, Weirdness & Mutations

You are immune to poison.
Your flesh is very heat resistant. (rF++)
You are vulnerable to cold. (rC-)
You float through the air rather than walking.
You learn spells naturally, not from books.
Your magical power is your life essence.
You have superior vitality. (+4 HP)


Message History

Things that are here:
a +0 short sword; 2 stones; a ball python corpse
There is a faded altar of an unknown god here.
You cannot tell which god this altar belongs to.
Convert to them anyway?
Xom accepts your prayer! Xom welcomes you!
Xom is interested.
A ball python comes into view.
Casting: Foxfire (safe; 4% risk of failure)
Confirm with . or Enter, or press ? or * to list all spells.
You conjure some foxfire!
The ball python hisses angrily.
The foxfire hits the ball python.
You kill the ball python!
Your foxfire dissipates!
You now have 18 gold pieces (gained 4).
You see here a ball python corpse.
d - a fizzy clear potion You now have 25 gold pieces (gained 7).
e - an amethyst potion You now have 34 gold pieces (gained 9).
Found a stone staircase leading down.
Found a stone staircase leading down.
A ball python comes into view.
A ball python is nearby!
Unknown command.
A ball python is nearby!
Xom snickers.
Your blue potion falls out of your pack, then immediately jumps back in!
You are now a plaything of Xom.
You can't go down here!
There is a staircase leading out of the dungeon here.
Are you sure you want to leave the Dungeon?
This will make you lose the game!
Alright, then stay!
There is a staircase leading out of the dungeon here.
You can't go down here!
There is a staircase leading out of the dungeon here.
You can't go down here!
Are you sure you want to leave the Dungeon?
This will make you lose the game!
You have escaped!

.......# #....###..# ..##.###
#.#.......# #.##)#
######.#####..## #.##.#
###≈≈≈≈♣≈♣≈≈≈##..# #.##÷#
#.#≈......♣.≈##..########
.)##.####.#≈.....♣♣♣≈##..........
#.........#≈......♣.≈#..#........
###.......#♣♣.......♣#.###..(....
#######.......@...≈..# #.......
#.#♣♣.......♣#.# ########
#.#≈..P...P.≈#.# #
###≈.PPP.PPP≈#.# ####
#≈..P...P.≈#.# ###... #########
#≈≈≈≈♣≈♣≈≈≈#.#####...##
........########.#####.........#
†.#####........#.#####.........#
#...######.###.................#


There were no monsters in sight!

Vanquished Creatures
  4 endoplasms (D:1)
  2 hobgoblins (D:1)
  4 jackals (D:1)
  A quokka (D:1)
  3 ball pythons (D:1)
  A bat (D:1)
  3 kobolds (D:1)
  2 rats (D:1)
20 creatures vanquished.

Vanquished Creatures (others)
  57 foxfires (D:1)
  5 toadstools (D:1)
62 creatures vanquished.

Grand Total: 82 creatures vanquished

Notes
Turn   | Place    | Note
-------+----------+-------------------------------------------
     0 | D:1      | Kakkamies the Djinni Fire Elementalist began the quest for
                  | the Orb.
     0 | D:1      | Reached XP level 1. HP: 15/15 MP: 0/0
   257 | D:1      | Reached skill level 3 in Spellcasting
   294 | D:1      | Reached XP level 2. HP: 20/21 MP: 0/0
   818 | D:1      | Found a faded altar of an unknown god.
   829 | D:1      | Became a worshipper of Xom of Chaos
   947 | D:1      | XOM: silly message
   976 | D:$      | Got out of the dungeon alive.

Illustrated notes

Levels and vault maps discovered:
D:1:      ldierk_walled_garden, layout_rooms, basic_ecumenical_altar

Skill      XL: |  1 |
---------------+----+-----
Spellcasting   | 3 |  3.4
Dodging        | |  2.3
Stealth        | |  1.6

Action                   || total
-------------------------++-------
 Cast: Foxfire           ||    38
Dodge: Dodged            ||     8

Table legend: (Time is in decaauts)
 A = Elapsed time spent in this place.
 B = Non-inter-level travel time spent in this place.
 C = Inter-level travel time spent in this place.
 D = Time resting spent in this place.
 E = Time spent auto-exploring this place.
 F = Levels seen in this place.
 G = Mean time per level.
                   A        B        C        D        E       F      G
               +--------+--------+--------+--------+--------+-----+--------+
         Total |    976 |    967 |      9 |     93 |    734 |   1 |  976.0 |
       Dungeon |    976 |    967 |      9 |     93 |    734 |   1 |  976.0 |
               +--------+--------+--------+--------+--------+-----+--------+

Top non-repeatable levels by time:
     D:1: 976 daAuts
